 Dungeon Crawl Stone Soup version 0.31-a0-489-g282fc92437 (console) character file.

Game seed: 12958629235967121554

57 Lexodia the Trooper (level 4, 0/45 HPs)
             Began as an Ogre Warper on Aug 8, 2023.
             Slain by Terence
             ... wielding a +0 flail
              (8 damage)
             ... on level 2 of the Dungeon.
             The game lasted 00:01:51 (1217 turns).

Lexodia the Trooper (Ogre Warper)                   Turns: 1217, Time: 00:01:52

Health: 0/45       AC:  3    Str: 15    XL:     4   Next: 0%
Magic:  6/8        EV:  9    Int: 16    God:
Gold:   35         SH:  0    Dex:  8    Spells: 7/9 levels left

rFire   . . .        a - +0 mace
rCold   . . .        (no shield)
rNeg    . . .        b - +0 robe
rPois   .            (helmet restricted)
rElec   .            (no cloak)
rCorr   .            (gloves unavailable)
SInv    .            (boots unavailable)
Will    .....        (no amulet)
Stlth   +            (no ring)
HPRegen 0.27/turn    (no ring)
MPRegen 0.11/turn

%: no passive effects
@: very slightly contaminated
A: large, unfitting armour, tough skin 1
a: no special abilities


You were on level 2 of the Dungeon.
You visited 1 branch of the dungeon, and saw 2 of its levels.

You collected 35 gold pieces.

Inventory:

Hand Weapons
 a - a +0 mace (weapon)
 i - a +0 sling of flaming
Missiles
 d - 7 darts of dispersal (quivered)
Armour
 b - a +0 robe (worn)
 f - an orb of wrath
Scrolls
 c - a scroll of blinking
 g - a scroll of identify {unknown}
 h - a scroll of teleportation {unknown}
Potions
 e - a potion of mutation {unknown}


   Skills:
 + Level 3.5 Fighting
 + Level 2.3 Maces & Flails
 - Level 1.0 Throwing
 - Level 2.1 Dodging
 + Level 3.0 Spellcasting
 + Level 3.1 Translocations
 + Level 0.8 Air Magic


You had 7 spell levels left.
You knew the following spells:

 Your Spells              Type           Power      Damage    Failure   Level
a - Blink                 Tloc           24%        N/A       8%          2

Your spell library contained the following spells:

 Spells                   Type           Power      Damage    Failure   Level
 Lesser Beckoning         Tloc           24%        N/A       8%          2
 Teleport Other           Tloc           12%        N/A       16%         3
 Vhi's Electric Charge    Tloc/Air       16%        N/A       24%         3
 Manifold Assault         Tloc           12%        N/A       45%         4


Dungeon Overview and Level Annotations

Branches:
Dungeon (2/15)

Altars:

Annotations:
D:2 Terence


Innate Abilities, Weirdness & Mutations

You are too large for most types of armour.
You have tough skin. (AC +1)


Message History

Terence is moderately wounded.
Terence barely misses you.
You sock Terence!
Terence is severely wounded.
Terence hits you with a +0 flail. Terence closely misses you.
Damage: -4%(-2hp) hp: 63%(28hp)
You hit Terence but do no damage.
Terence is severely wounded.
Terence misses you.
You hit Terence but do no damage.
Terence is severely wounded.
Terence closely misses you.
You hit Terence.
Terence is almost dead.
Terence hits you with a +0 flail!
Huge Dmg: -16%(-7hp) hp: 49%(22hp)
You hit Terence.
Terence is almost dead.
Terence hits you with a +0 flail! Terence barely misses you.
Huge Dmg: -17%(-8hp) hp: 32%(14hp)
You barely miss Terence.
Terence is almost dead.
Terence hits you but does no damage.
You barely miss Terence.
Terence is almost dead.
Terence closely misses you.
You completely miss Terence.
Terence is almost dead.
Terence hits you with a +0 flail!
* * * LOW HITPOINT WARNING * * *
Huge Dmg: -18%(-8hp) hp: 16%(7hp)
Casting: Blink (safe; 8% risk of failure)
Confirm with . or Enter, or press ? or * to list all spells.
You don't know that spell.
Casting: Blink (safe; 8% risk of failure)
Confirm with . or Enter, or press ? or * to list all spells.
You miscast Blink.
You are very lightly contaminated with residual magic.
Nothing appears to happen.
Terence hits you with a +0 flail!
You die...

........######
.............#
##.....#.....#
###...+.....#
#...#.....##
#####......#
######.######+#
#.#.......
#.@@......
###.......
....... .....>.
)...... .......
....... #######


You could see Terence.

Vanquished Creatures
  Natasha (D:2)
  2 dart slugs
  2 ball pythons
  3 bats (D:1)
  2 endoplasms (D:1)
  2 giant cockroaches
  2 goblins (D:1)
  4 hobgoblins (D:1)
  2 jackals (D:2)
  A quokka (D:1)
  A kobold (D:1)
  4 rats
26 creatures vanquished.

Notes
Turn   | Place    | Note
-------+----------+-------------------------------------------
     0 | D:1      | Lexodia the Ogre Warper began the quest for the Orb.
     0 | D:1      | Reached XP level 1. HP: 22/22 MP: 3/3
    66 | D:1      | Huge Dmg: 5 dmg
    68 | D:1      | Huge Dmg: 4 dmg
   204 | D:1      | Reached XP level 2. HP: 26/29 MP: 5/5
   215 | D:1      | Learned a level 2 spell: Blink
   645 | D:1      | Huge Dmg: 3 dmg
   773 | D:1      | Reached XP level 3. HP: 29/37 MP: 7/7
  1098 | D:2      | Noticed Natasha
  1113 | D:2      | Huge Dmg: 7 dmg
  1114 | D:2      | Killed Natasha
  1115 | D:2      | Reached XP level 4. HP: 26/45 MP: 8/8
  1199 | D:2      | Noticed Terence
  1207 | D:2      | Huge Dmg: 13 dmg
  1213 | D:2      | Huge Dmg: 7 dmg
  1214 | D:2      | Huge Dmg: 8 dmg
  1217 | D:2      | Huge Dmg: 8 dmg
  1217 | D:2      | Slain by Terence

Illustrated notes

Levels and vault maps discovered:
D:1:      dpeg_arrival_prison, layout_basic, nicolae_twisty_statue_hallways
D:2:      layout_basic, basic_ecumenical_altar, uniq_natasha, uniq_terence

Skill      XL: |  1  2  3 |
---------------+----------+-----
Fighting       | 3 |  3.5
Maces & Flails | 2 |  2.3
Translocations | 3 |  3.1
Spellcasting   | 3 |  3.0
Throwing       | |  1.0
Dodging        | |  2.1
Air Magic      | |  0.8

Action                     |  1- 3 |  4- 6 || total
---------------------------+-------+-------++-------
  Melee: Mace              |    84 |    12 ||    96
         Punch             |     1 |       ||     1
   Fire: Sling             |       |     3 ||     3
 Armour: Robe              |    40 |     2 ||    42
  Dodge: Dodged            |    52 |     6 ||    58

Table legend: (Time is in decaauts)
 A = Elapsed time spent in this place.
 B = Non-inter-level travel time spent in this place.
 C = Inter-level travel time spent in this place.
 D = Time resting spent in this place.
 E = Time spent auto-exploring this place.
 F = Levels seen in this place.
 G = Mean time per level.
                   A        B        C        D        E       F      G
               +--------+--------+--------+--------+--------+-----+--------+
         Total |   1254 |   1218 |     36 |     41 |    952 |   2 |  627.0 |
       Dungeon |   1254 |   1218 |     36 |     41 |    952 |   2 |  627.0 |
               +--------+--------+--------+--------+--------+-----+--------+

Top non-repeatable levels by time:
     D:1: 1032 daAuts
     D:2: 221 daAuts
